| TOP OF THE 1ST |
|
University of Minnesota Golden Gophers batting - Pitching for Louisiana State University Tigers : LHP Juan Barrios
|
|
Pitching: LHP Juan Barrios
|
|
|
Batting: RHB Tatsuyoshi Ikeda
|
0-0: Ball 1-0: Fly out, F7 (Flyball, 7LM, EV 89.4 MPH)
|
|
Batting: LHB Alex Villa
|
0-0: Called Strike 0-1: Swinging Strike 0-2: Ball 1-2: Foul Ball, location: 2F 1-2: Strikes out looking
|
|
Batting: RHB Ozzie Buendia
|
0-0: Ball 1-0: Called Strike 1-1: Ball 2-1: Foul Ball, location: 2F 2-2: Ball 3-2: Foul Ball, location: 2F 3-2: DOUBLE (Flyball, 8LXD, EV 112.5 MPH)
|
|
Batting: LHB Dick Shafer
|
0-0: Ball 1-0: Foul Ball, location: 2F 1-1: SINGLE (Groundball, 34D, EV 100.6 MPH) Ozzie Buendia to third
|
|
Batting: LHB Jose Moncada
|
0-0: Called Strike 0-1: Ground out 4-3 (Groundball, 34D, EV 108.8 MPH)
|
| Top of the 1st over - 0 runs, 2 hits, 0 errors, 2 left on base; University of Minnesota 0 - Louisiana State University 0 |
| BOTTOM OF THE 1ST |
|
Louisiana State University Tigers batting - Pitching for University of Minnesota Golden Gophers : RHP Nick Gonzalez
|
|
Pitching: RHP Nick Gonzalez
|
|
|
Batting: RHB Winston Vasquez
|
0-0: Ball 1-0: Foul Ball, location: 2F 1-1: Ball 2-1: Ground out 4-3 (Groundball, 34, EV 81.9 MPH)
|
|
Batting: RHB Leo Roldan
|
0-0: Ground out 1-3 (Groundball, 13S, EV 71.9 MPH)
|
|
Batting: RHB Stewart Walker
|
0-0: Called Strike 0-1: Ball 1-1: Ball 2-1: Ball 3-1: Called Strike 3-2: Foul Ball, location: 2F 3-2: Foul Ball, location: 2F 3-2: Foul Ball, location: 2F 3-2: Fly out, F8 (Flyball, 8LM, EV 91.9 MPH)
|
| Bottom of the 1st over - 0 runs, 0 hits, 0 errors, 0 left on base; University of Minnesota 0 - Louisiana State University 0 |
| TOP OF THE 2ND |
|
University of Minnesota Golden Gophers batting - Pitching for Louisiana State University Tigers : LHP Juan Barrios
|
|
Batting: LHB Bobby Agterberg
|
0-0: SINGLE (Line Drive, 7S, EV 88.8 MPH)
|
|
Batting: LHB Ivan Villegas
|
0-0: Called Strike 0-1: Fly out, F7 (Flyball, 78S, EV 90.0 MPH)
|
|
Batting: RHB Scott Rose
|
0-0: Ball 1-0: Ball 2-0: SINGLE (Line Drive, 9S, EV 106.2 MPH) Bobby Agterberg to second
|
|
Batting: RHB Josh Gifford
|
0-0: Swinging Strike 0-1: Foul Ball, location: 2F 0-2: Strikes out swinging
|
|
Batting: RHB Tatsuyoshi Ikeda
|
0-0: Ball 1-0: Ball 2-0: Foul Ball, location: 2F 2-1: Ball 3-1: Base on Balls Bobby Agterberg to third Scott Rose to second
|
|
Batting: LHB Alex Villa
|
0-0: Foul Ball, location: 2F 0-1: Ball 1-1: SINGLE (Line Drive, 7LS, EV 106.9 MPH) Bobby Agterberg scores Scott Rose to third Tatsuyoshi Ikeda to second
|
|
Batting: RHB Ozzie Buendia
|
0-0: Ball 1-0: Ball 2-0: Ball 3-0: Called Strike 3-1: Ground out 4-3 (Groundball, 4, EV 86.9 MPH)
|
| Top of the 2nd over - 1 run, 3 hits, 0 errors, 3 left on base; University of Minnesota 1 - Louisiana State University 0 |
| BOTTOM OF THE 2ND |
|
Louisiana State University Tigers batting - Pitching for University of Minnesota Golden Gophers : RHP Nick Gonzalez
|
|
Batting: RHB Pete Roberts
|
0-0: Called Strike 0-1: Swinging Strike 0-2: Strikes out looking
|
|
Batting: LHB Oscar Rivera
|
0-0: Called Strike 0-1: Called Strike 0-2: Ball 1-2: SINGLE (Flyball, 3D, EV 86.9 MPH)
|
|
Batting: RHB Keith Ashton
|
0-0: Swinging Strike 0-1: Swinging Strike 0-2: Ball 1-2: Strikes out swinging
|
|
Batting: RHB D.J. Ganz
|
0-0: Foul Ball, location: 2F 0-1: Ball 1-1: Swinging Strike 1-2: Strikes out swinging
|
| Bottom of the 2nd over - 0 runs, 1 hit, 0 errors, 1 left on base; University of Minnesota 1 - Louisiana State University 0 |
| TOP OF THE 3RD |
|
University of Minnesota Golden Gophers batting - Pitching for Louisiana State University Tigers : LHP Juan Barrios
|
|
Batting: LHB Dick Shafer
|
0-0: Foul Ball, location: 2F 0-1: Ball 1-1: Called Strike 1-2: Strikes out looking
|
|
Batting: LHB Jose Moncada
|
0-0: Foul Ball, location: 2F 0-1: Ball 1-1: Foul Ball, location: 2F 1-2: Strikes out swinging
|
|
Batting: LHB Bobby Agterberg
|
0-0: Ball 1-0: Fly out, F7 (Flyball, 78M, EV 85.0 MPH)
|
| Top of the 3rd over - 0 runs, 0 hits, 0 errors, 0 left on base; University of Minnesota 1 - Louisiana State University 0 |
| BOTTOM OF THE 3RD |
|
Louisiana State University Tigers batting - Pitching for University of Minnesota Golden Gophers : RHP Nick Gonzalez
|
|
Batting: LHB Manny Grado
|
0-0: Ground out 4-3 (Groundball, 4, EV 84.4 MPH)
|
|
Batting: SHB Paul Blaylock
|
0-0: Ball 1-0: Ball 2-0: Fly out, F7 (Flyball, 78M, EV 83.1 MPH)
|
|
Batting: RHB Winston Vasquez
|
0-0: Ball 1-0: Called Strike 1-1: Called Strike 1-2: Foul Ball, location: 2F 1-2: Ball 2-2: Foul Ball, location: 2F 2-2: Strikes out swinging
|
| Bottom of the 3rd over - 0 runs, 0 hits, 0 errors, 0 left on base; University of Minnesota 1 - Louisiana State University 0 |
| TOP OF THE 4TH |
|
University of Minnesota Golden Gophers batting - Pitching for Louisiana State University Tigers : LHP Juan Barrios
|
|
Batting: LHB Ivan Villegas
|
0-0: Bunt for hit to 13 - play at first, batter OUT! 1-3
|
|
Batting: RHB Scott Rose
|
0-0: Foul Ball, location: 2F 0-1: Swinging Strike 0-2: Strikes out looking
|
|
Batting: RHB Josh Gifford
|
0-0: Ball 1-0: Called Strike 1-1: Ball 2-1: Ground out 5-3 (Groundball, 56, EV 90.6 MPH)
|
| Top of the 4th over - 0 runs, 0 hits, 0 errors, 0 left on base; University of Minnesota 1 - Louisiana State University 0 |
| BOTTOM OF THE 4TH |
|
Louisiana State University Tigers batting - Pitching for University of Minnesota Golden Gophers : RHP Nick Gonzalez
|
|
Batting: RHB Leo Roldan
|
0-0: Foul Ball, location: 2F 0-1: Ball 1-1: Foul Ball, location: 2F 1-2: Foul Ball, location: 2F 1-2: Foul Ball, location: 2F 1-2: Ball 2-2: Ball 3-2: Foul Ball, location: 2F 3-2: Strikes out swinging
|
|
Batting: RHB Stewart Walker
|
0-0: Ball 1-0: Swinging Strike 1-1: Ball 2-1: Foul Ball, location: 2F 2-2: Ground out U3 (Groundball, 34S, EV 82.5 MPH)
|
|
Batting: RHB Pete Roberts
|
0-0: Swinging Strike 0-1: Ball 1-1: Foul Ball, location: 2F 1-2: Strikes out swinging
|
| Bottom of the 4th over - 0 runs, 0 hits, 0 errors, 0 left on base; University of Minnesota 1 - Louisiana State University 0 |
| TOP OF THE 5TH |
|
University of Minnesota Golden Gophers batting - Pitching for Louisiana State University Tigers : LHP Juan Barrios
|
|
Batting: RHB Tatsuyoshi Ikeda
|
0-0: Ball 1-0: Ball 2-0: Ball 3-0: Foul Ball, location: 2F 3-1: Swinging Strike 3-2: Strikes out swinging
|
|
Batting: LHB Alex Villa
|
0-0: Foul Ball, location: 2F 0-1: Fly out, F9 (Flyball, 9D, EV 95.6 MPH)
|
|
Batting: RHB Ozzie Buendia
|
0-0: Called Strike 0-1: Ball 1-1: Ball 2-1: Ball 3-1: Ground out 5-3 (Groundball, 56, EV 96.2 MPH)
|
| Top of the 5th over - 0 runs, 0 hits, 0 errors, 0 left on base; University of Minnesota 1 - Louisiana State University 0 |
| BOTTOM OF THE 5TH |
|
Louisiana State University Tigers batting - Pitching for University of Minnesota Golden Gophers : RHP Nick Gonzalez
|
|
Batting: LHB Oscar Rivera
|
0-0: Swinging Strike 0-1: Ball 1-1: Ball 2-1: Foul Ball, location: 2F 2-2: Strikes out swinging
|
|
Batting: RHB Keith Ashton
|
0-0: Ball 1-0: Ball 2-0: Foul Ball, location: 2F 2-1: Reached on error, E6 (Groundball, 6, EV 88.1 MPH)
|
|
Batting: RHB D.J. Ganz
|
0-0: Called Strike 0-1: SINGLE (Groundball, 4MD, EV 106.2 MPH) Keith Ashton to third Runner from 3rd tries for Home, SAFE, throw by CF to home
|
|
Batting: LHB Manny Grado
|
0-0: Ball 1-0: Ball 2-0: Called Strike 2-1: Ball 3-1: Swinging Strike 3-2: Fielders Choice at 2nd, 3-6 (Groundball, 3, EV 79.4 MPH)
|
|
Batting: SHB Paul Blaylock
|
0-0: Called Strike 0-1: Swinging Strike 0-2: Strikes out swinging
|
| Bottom of the 5th over - 1 run, 1 hit, 1 error, 1 left on base; University of Minnesota 1 - Louisiana State University 1 |
| TOP OF THE 6TH |
|
University of Minnesota Golden Gophers batting - Pitching for Louisiana State University Tigers : LHP Juan Barrios
|
|
Batting: LHB Dick Shafer
|
0-0: Ball 1-0: Foul Ball, location: 2F 1-1: SINGLE (Line Drive, 6D, EV 107.5 MPH)
|
|
Batting: LHB Jose Moncada
|
0-0: Ball 1-0: Called Strike 1-1: Ball 2-1: Foul Ball, location: 2F 2-2: Foul Ball, location: 2F 2-2: Foul Ball, location: 2F 2-2: Strikes out swinging
|
|
Batting: LHB Bobby Agterberg
|
0-0: Ball 1-0: Called Strike 1-1: Ball 2-1: Foul Ball, location: 2F 2-2: Ball 3-2: Strikes out swinging
|
|
Batting: LHB Ivan Villegas
|
0-0: Ball 1-0: Swinging Strike 1-1: Foul Ball, location: 2F 1-2: Strikes out swinging
|
| Top of the 6th over - 0 runs, 1 hit, 0 errors, 1 left on base; University of Minnesota 1 - Louisiana State University 1 |
| BOTTOM OF THE 6TH |
|
Louisiana State University Tigers batting - Pitching for University of Minnesota Golden Gophers : RHP Nick Gonzalez
|
|
Batting: RHB Winston Vasquez
|
0-0: Ground out 6-3 (Groundball, 6, EV 81.2 MPH)
|
|
Batting: RHB Leo Roldan
|
0-0: Ground out 4-3 (Groundball, 4, EV 81.2 MPH)
|
|
Batting: RHB Stewart Walker
|
0-0: Ball 1-0: SINGLE (Groundball, 4MD, EV 98.8 MPH)
|
|
Pitching: RHP Mike Binns
|
|
|
Batting: RHB Pete Roberts
|
0-0: Ball Stewart Walker steals 2nd base 1-0: Called Strike 1-1: Ball 2-1: Foul Ball, location: 2F 2-2: Strikes out swinging
|
| Bottom of the 6th over - 0 runs, 1 hit, 0 errors, 1 left on base; University of Minnesota 1 - Louisiana State University 1 |
| TOP OF THE 7TH |
|
University of Minnesota Golden Gophers batting - Pitching for Louisiana State University Tigers : LHP Juan Barrios
|
|
Pitching: RHP Michael Koppers
|
|
|
Batting: RHB Scott Rose
|
0-0: Ball 1-0: Ball 2-0: Ball 3-0: Base on Balls
|
|
Batting: RHB Josh Gifford
|
0-0: Swinging Strike 0-1: Ball 1-1: Ball 2-1: Swinging Strike 2-2: Reached on error, E5 (Groundball, 56S, EV 81.9 MPH) Scott Rose to second
|
|
Batting: RHB Tatsuyoshi Ikeda
|
0-0: Bunt missed! 0-1: Bunted foul 0-2: Strikes out swinging
|
|
Batting: LHB Alex Villa
|
0-0: Ball 1-0: Called Strike 1-1: Called Strike 1-2: Hit by Pitch Scott Rose to third Josh Gifford to second
|
|
Batting: RHB Ozzie Buendia
|
0-0: Called Strike 0-1: Swinging Strike 0-2: Strikes out swinging
|
|
Batting: LHB Dick Shafer
|
0-0: Ball 1-0: Ball 2-0: DOUBLE (Groundball, 3L, EV 100.6 MPH) Scott Rose scores Josh Gifford scores Alex Villa to third Runner from 3rd tries for Home, throw by RF and OUT! 9-4-2
|
| Top of the 7th over - 2 runs, 1 hit, 1 error, 1 left on base; University of Minnesota 3 - Louisiana State University 1 |
| BOTTOM OF THE 7TH |
|
Louisiana State University Tigers batting - Pitching for University of Minnesota Golden Gophers : RHP Mike Binns
|
|
Batting: LHB Oscar Rivera
|
0-0: Ball 1-0: Ball 2-0: Called Strike 2-1: Foul Ball, location: 2F 2-2: SINGLE (Line Drive, 78S, EV 86.9 MPH)
|
|
Batting: RHB Keith Ashton
|
0-0: Grounds into double play, 4-6-3 (Groundball, 4, EV 94.4 MPH)
|
|
Batting: RHB D.J. Ganz
|
0-0: Called Strike 0-1: Ball 1-1: Called Strike 1-2: Ground out 5-3 (Groundball, 5L, EV 98.8 MPH)
|
| Bottom of the 7th over - 0 runs, 1 hit, 0 errors, 0 left on base; University of Minnesota 3 - Louisiana State University 1 |
| TOP OF THE 8TH |
|
University of Minnesota Golden Gophers batting - Pitching for Louisiana State University Tigers : RHP Michael Koppers
|
|
Pitching: RHP Brian Hilbert
|
|
|
Batting: LHB Jose Moncada
|
0-0: Called Strike 0-1: Ball 1-1: Swinging Strike 1-2: Strikes out swinging
|
|
Batting: LHB Bobby Agterberg
|
0-0: Swinging Strike 0-1: Ball 1-1: Ball 2-1: SINGLE (Groundball, 4M, EV 101.2 MPH) (infield hit)
|
|
Batting: LHB Ivan Villegas
|
0-0: Ball 1-0: Called Strike 1-1: Fielders Choice at 2nd, 6-4 (Groundball, 6M, EV 106.9 MPH)
|
|
Batting: RHB Scott Rose
|
0-0: Foul Ball, location: 2F 0-1: Foul Ball, location: 2F 0-2: Foul Ball, location: 2F 0-2: Ball 1-2: Ball 2-2: Ball 3-2: Fly out, F8 (Flyball, 89M, EV 91.2 MPH)
|
| Top of the 8th over - 0 runs, 1 hit, 0 errors, 1 left on base; University of Minnesota 3 - Louisiana State University 1 |
| BOTTOM OF THE 8TH |
|
Louisiana State University Tigers batting - Pitching for University of Minnesota Golden Gophers : RHP Mike Binns
|
|
Batting: LHB Manny Grado
|
0-0: Ball 1-0: Ball 2-0: Called Strike 2-1: Ball 3-1: Base on Balls
|
|
Batting: SHB Paul Blaylock
|
0-0: Called Strike 0-1: Reached on error, E4 (Groundball, 34, EV 86.2 MPH) Manny Grado to second
|
|
Pitching: RHP Bobby Rodriguez
|
|
|
Pinch Runner at 2nd Elijah Mallandain:
|
|
|
Batting: RHB Winston Vasquez
|
0-0: Bunt missed! 0-1: Bunted foul 0-2: Ball 1-2: Ball 2-2: Foul Ball, location: 2F 2-2: Ball 3-2: Base on Balls Elijah Mallandain to third Paul Blaylock to second
|
|
Batting: RHB Leo Roldan
|
0-0: Ball 1-0: Swinging Strike 1-1: Ball 2-1: Ball 3-1: Swinging Strike 3-2: Foul Ball, location: 2F 3-2: Base on Balls Elijah Mallandain scores Paul Blaylock to third Winston Vasquez to second
|
|
Batting: RHB Stewart Walker
|
0-0: Ball 1-0: Foul Ball, location: 2F 1-1: Called Strike 1-2: SINGLE (Line Drive, 89S, EV 110.0 MPH) Paul Blaylock scores Winston Vasquez to third Leo Roldan to second Runner from 3rd tries for Home, SAFE, throw by RF to home
|
|
Batting: RHB Pete Roberts
|
0-0: Called Strike Leo Roldan is caught stealing 3rd base 2-5 Stewart Walker to second 0-1: Foul Ball, location: 2F 0-2: Foul Ball, location: 2F 0-2: Ball 1-2: SINGLE (Groundball, 4MD, EV 95.0 MPH) Stewart Walker to third Runner from 3rd tries for Home, SAFE, throw by CF to home Pete Roberts to second
|
|
Batting: LHB Oscar Rivera
|
0-0: Intentional Walk
|
|
Pitching: RHP Eddie Young
|
|
|
Batting: RHB Keith Ashton
|
0-0: Called Strike 0-1: Foul Ball, location: 2F 0-2: Foul Ball, location: 2F 0-2: Strikes out looking
|
|
Batting: RHB D.J. Ganz
|
0-0: Foul Ball, location: 2F 0-1: Ball 1-1: SINGLE (Groundball, 56D, EV 96.2 MPH) Pete Roberts to third Oscar Rivera to second Runner from 3rd tries for Home, SAFE, throw by LF to home
|
|
Batting: LHB Elijah Mallandain
|
0-0: Foul Ball, location: 2F 0-1: DOUBLE (Line Drive, 9LM, EV 109.4 MPH) Oscar Rivera scores D.J. Ganz to third
|
|
Batting: SHB Paul Blaylock
|
0-0: Ball 1-0: Foul Ball, location: 2F 1-1: Ground out 6-3 (Groundball, 6, EV 105.0 MPH)
|
| Bottom of the 8th over - 6 runs, 4 hits, 1 error, 2 left on base; University of Minnesota 3 - Louisiana State University 7 |
| TOP OF THE 9TH |
|
University of Minnesota Golden Gophers batting - Pitching for Louisiana State University Tigers : RHP Brian Hilbert
|
|
Pitching: LHP Luis Sandoval
|
|
|
Now in LF: Oscar Rivera
|
|
|
Now in CF: Elijah Mallandain
|
|
|
Now in RF: Leo Roldan
|
|
|
Batting: RHB Josh Gifford
|
0-0: Called Strike 0-1: Foul Ball, location: 2F 0-2: Ball 1-2: Strikes out looking
|
|
Batting: RHB Tatsuyoshi Ikeda
|
0-0: SINGLE (Line Drive, 9S, EV 90.0 MPH)
|
|
Batting: LHB Alex Villa
|
0-0: Called Strike 0-1: Fielders Choice at 2nd, 6-4 (Groundball, 6, EV 79.4 MPH)
|
|
Batting: RHB Ozzie Buendia
|
0-0: Ball 1-0: Called Strike 1-1: Swinging Strike 1-2: Foul Ball, location: 2F 1-2: Strikes out looking
|
| Top of the 9th over - 0 runs, 1 hit, 0 errors, 1 left on base; University of Minnesota 3 - Louisiana State University 7 |
|